 Dungeon Crawl Stone Soup version 0.21.1-1-g345015f (webtiles) character file.

143 Noryu the Grasshopper (level 5, 0/42 HPs)
             Began as a Draconian Warper on May 2, 2018.
             Was a Follower of Wu Jian.
             Succumbed to Sigmund's poison
             ... on level 3 of the Dungeon.
             The game lasted 00:25:27 (1959 turns).

Noryu the Grasshopper (Draconian Warper)            Turns: 1959, Time: 00:25:27

Health: 0/42       AC:  7    Str: 13 (16) XL:     5   Next: 4%
Magic:  2/8        EV: 12    Int: 11 (14) God:    Wu Jian [*.....]
Gold:   59         SH:  0    Dex: 10 (11) Spells: 0/8 levels left

rFire    . . .     SeeInvis .   a - +0 falchion
rCold    . . .     Gourm    .   (no shield)
rNeg     . . .     Faith    .   (armour unavailable)
rPois    .         Spirit   .   (helmet restricted)
rElec    .         Reflect  .   (no cloak)
rCorr    .         Harm     .   j - +1 pair of gloves {Str+3}
MR       .....                  (no boots)
Stlth    ++........             (no amulet)
HPRegen  0.14/turn              (no ring)
MPRegen  0.11/turn              (no ring)

@: lethally poisoned (0 -> -11)
A: unfitting armour, cold-blooded, AC +5
a: Renounce Religion


You were on level 3 of the Dungeon.
You worshipped Wu Jian.
Wu Jian was aware of your devotion.
You were not hungry.

You visited 1 branch of the dungeon, and saw 3 of its levels.

You collected 59 gold pieces.

Inventory:

Hand Weapons
 a - a +0 falchion (weapon)
 d - a +3 dagger
Missiles
 h - 20 stones (quivered)
Armour
 j - a +1 pair of gloves of strength (worn)
Scrolls
 g - 2 scrolls of magic mapping
 i - 2 scrolls of teleportation
 k - a scroll of remove curse {unknown}
Books
 b - a book of Spatial Translocations

   Spells                             Type                      Level
   a - Blink                          Translocation                2
   b - Shroud of Golubria             Charms/Translocation         2
   c - Lesser Beckoning               Translocation                3
   d - Gell's Gravitas                Translocation                3
   e - Teleport Other                 Translocation                3
   f - Passage of Golubria            Translocation                4
 l - a book of Minor Magic

   Spells                             Type                      Level
   a - Magic Dart                     Conjuration                  1
   b - Blink                          Translocation                2
   c - Call Imp                       Summoning                    2
   d - Slow                           Hexes                        2
   e - Conjure Flame                  Conjuration/Fire             3
   f - Mephitic Cloud                 Conjuration/Poison/Air       3
Comestibles
 f - 3 rations


   Skills:
 + Level 2.6 Fighting
 + Level 3.2 Long Blades
 + Level 0.9 Throwing
 + Level 2.4 Dodging
 * Level 2.4 Stealth
 + Level 2.4 Spellcasting
 + Level 3.3 Translocations


You couldn't memorise any spells.
You knew the following spells:

 Your Spells              Type           Power        Failure   Level  Hunger
a - Blink                 Tloc           N/A          11%         2    ###....
b - Gell's Gravitas       Tloc           #.........   22%         3    ####...
c - Shroud of Golubria    Chrm/Tloc      #.........   22%         2    ###....
d - Magic Dart            Conj           #...         28%         1    ##.....


Dungeon Overview and Level Annotations

Branches:
Dungeon (3/15)

Altars:
Makhleb
Sif Muna
Wu Jian
Xom

Annotations:
D:3 Sigmund


Innate Abilities, Weirdness & Mutations

Your plain brown scales are hard. (AC +5)
You cannot fit into any form of body armour.
You are cold-blooded and may be slowed by cold attacks.


Message History

You bump into the rock wall.
* * * LOW HITPOINT WARNING * * *
You feel sick. The kobold hits you with a whip.
* * * LOW HITPOINT WARNING * * *
There is a lethal amount of poison in your body!
You bump into the rock wall.
Your surroundings suddenly seem different.
* * * LOW HITPOINT WARNING * * *
You feel sick.
Found a faded altar of an unknown god.
* * * LOW HITPOINT WARNING * * *
You feel sick.
You feel less confused.
* * * LOW HITPOINT WARNING * * *
You feel sick.
There is a faded altar of an unknown god here.
* * * LOW HITPOINT WARNING * * *
You feel sick.
There is a fountain of sparkling water here.
You die...

#### #..♣#
#♣.#...##
#.P#..P.#
#P....@⌠#
#..#.P.♣# ####
##########♣P.#...#
###.>..
......†.##.P.#...#
..#....###
#######......#####
........# #
#).....#####
#....#.## #
#.##)..#...#
#........ #
###.##...#88.#
#........ #
#....##).#..P♣#
#........


There were no monsters in sight!

Vanquished Creatures
  A hound (D:3)
  4 adders
  A worm (D:2)
  2 dart slugs (D:2)
  3 leopard geckos
  A ball python (D:3)
  2 giant cockroaches
  8 goblins
  12 hobgoblins
  13 bats
  3 frilled lizards
  9 kobolds
  9 rats
  A plant (D:3)
69 creatures vanquished.

Notes
Turn   | Place    | Note
-------+----------+-------------------------------------------
     0 | D:1      | Noryu the Draconian Warper began the quest for the Orb.
     0 | D:1      | Reached XP level 1. HP: 17/17 MP: 3/3
   155 | D:1      | Reached XP level 2. HP: 15/25 MP: 5/5
   159 | D:1      | Learned a level 2 spell: Blink
   262 | D:1      | Reached skill level 1 in Stealth
   758 | D:1      | Reached XP level 3. HP: 30/30 MP: 6/6
   930 | D:2      | Learned a level 3 spell: Gell's Gravitas
   968 | D:2      | Found an ornate altar of the Wu Jian Council.
   998 | D:2      | Became a worshipper of the Wu Jian Council
  1253 | D:2      | Reached XP level 4. HP: 28/37 MP: 7/7
  1258 | D:2      | Learned a level 2 spell: Shroud of Golubria
  1330 | D:2      | Found a burning altar of Makhleb.
  1393 | D:2      | Found a shimmering altar of Xom.
  1638 | D:3      | Noticed Sigmund
  1724 | D:3      | Reached * piety under Wu Jian
  1737 | D:3      | Found a deep blue altar of Sif Muna.
  1769 | D:3      | Reached XP level 5. HP: 13/42 MP: 8/8
  1775 | D:3      | Learned a level 1 spell: Magic Dart
  1955 | D:3      | Found a faded altar of an unknown god.
  1957 | D:3      | HP: 2/42 [poisoned by Sigmund]
  1959 | D:3      | Succumbed to Sigmund's poison

Skill      XL: |  1  2  3  4 |
---------------+-------------+-----
Stealth        | 1 2 |  2.4
Long Blades    | 3 |  3.2
Fighting       | |  2.6
Throwing       | |  0.9
Dodging        | |  2.4
Spellcasting   | |  2.4
Translocations | |  3.3

Action                   |  1- 3 |  4- 6 || total
-------------------------+-------+-------++-------
Melee: Falchion          |   111 |    83 ||   194
       Tailslap          |    12 |    22 ||    34
Throw: Tomahawk          |     5 |       ||     5
 Cast: Blink             |     8 |     2 ||    10
       Gell's Gravitas   |     3 |     4 ||     7
       Magic Dart        |       |    10 ||    10
       Shroud of Golubri |       |     1 ||     1
Invok: Lunge             |     3 |     4 ||     7
  Use: Potion            |     4 |     2 ||     6
       Scroll            |     3 |     3 ||     6
 Stab: Sleeping          |     7 |       ||     7
  Eat: Ration            |     1 |     1 ||     2
Armor: Skin              |    36 |    18 ||    54
Dodge: Dodged            |    89 |    52 ||   141
       Rpst.: Falchion   |    39 |    18 ||    57
